Connexion

TAMPA BAY Lightning vs BOSTON Bruins (R4)

Created - 7 août 2023 at 05:47

Goals
1 2 3 T
TAMPA BAY Lightning 2 2 2 6
BOSTON Bruins 0 1 1 2
Shots
1 2 3 T
TAMPA BAY Lightning 9 19 11 39
BOSTON Bruins 7 6 14 27

GoalsPenalties
1st period
1. TAMPA BAY Lightning , Evgeny Kuznetsov 1 (Anders Lee 3, Marco Scandella 3) at 8:06 (PP)
2. TAMPA BAY Lightning , Adam Henrique 2 (Marco Scandella 4, Oskar Sundqvist 3) at 11:04
Martin Fehervary (T.B) for Slashing (Minor) at 1:28
Andre Burakovsky (BOS) for Roughing (Minor) at 4:14
Adam Boqvist (BOS) for Hooking (Minor) at 7:38
Jamie Drysdale (BOS) for Slashing (Minor) at 11:09
2nd period
3. TAMPA BAY Lightning , Evgeny Kuznetsov 2 (Evander Kane 3) at 3:49 (PP)
4. TAMPA BAY Lightning , Rasmus Asplund 2 (Kent Johnson 4, Josh Mahura 1) at 10:12
5. BOSTON Bruins , Jamie Drysdale 1 (Andre Burakovsky 2) at 18:12 (PP)
Elias Pettersson (BOS) for Holding (Minor) at 0:08
Jamie Drysdale (BOS) for Holding (Minor) at 3:12
Thomas Novak (BOS) for Hooking (Minor) at 8:05
Josh Mahura (T.B) for Roughing (Minor) at 17:09
3rd period
6. TAMPA BAY Lightning , Adam Henrique 3 (Ivan Provorov 2, Lawson Crouse 1) at 5:34
7. TAMPA BAY Lightning , Denis Malgin 1 (Ivan Provorov 3, Cole Sillinger 1) at 9:27
8. BOSTON Bruins , Mikael Granlund 2 (Jonathan Marchessault 3, Joe Pavelski 2) at 13:19 (PP)
Evander Kane (T.B) for Goalie Interference (Minor) at 0:31
Evander Kane (T.B) for High sticking (Minor) at 12:54
Jesperi Kotkaniemi (T.B) for Holding (Minor) at 14:21
Goalie Stats
Martin Jones (T.B), 25 saves from 27 shots - (0,926), W, 4-0-0, 60:00 minutes
Frederik Andersen (BOS), 33 saves from 39 shots - (0,846), L, 0-2-2, 60:00 minutes
3 StarsOfficial
1 - Adam Henrique (T.B)
2 - Evgeny Kuznetsov (T.B)
3 - Ivan Provorov (T.B)
Referees : Brian Pochmara and Kerry Fraser
Linesman : Steve Miller and Scott Driscoll
Game Note
Oskar Sundqvist is injured at 13:05 of 2nd period (Strained Right Elbow)
Finance
Level 1 -- Attendance: 5829 (97,15%) -- Ticket Income 786 915 $
Level 2 -- Attendance: 3779 (82,78%) -- Ticket Income 415 690 $
Level 3 -- Attendance: 2000 (100,00%) -- Ticket Income 110 000 $
Level 4 -- Attendance: 4000 (100,00%) -- Ticket Income 140 000 $
Luxury Box -- Attendance: 1000 (100,00%) -- Ticket Income 230 000 $
Game was played at the TD Garden.
Total Attendance: 16608 (94,55%)
Total Ticket Income: 1 682 605 $
Other Income: 336 521 $
Total Income: 2 019 126 $



Team Name Goals Shots Shots Attemp Shots Blocked PIM HIT PP PK FO%
TAMPA BAY Lightning 63966810242 / 6 (33%)254%
BOSTON Bruins 227581012292 / 5 (40%)246%

TAMPA BAY Lightning
Player Name POS G A P +/- PIM HIT SHT SB MP PP MP PP SHT PK MP PK SHT FO% FOT
Adam HenriqueC/LW2022015018:334:0920:00043% 7
Anders LeeC/LW0110003024:244:5214:400100% 1
Artem ZubD0002043124:173:5433:3700% 0
Cole SillingerC011100105:450:0000:00043% 7
Denis MalginC/LW/RW101101205:450:0000:0000% 0
Evander KaneC/LW/RW0110454121:354:5221:53060% 5
Evgeny KuznetsovC2020003026:204:5234:43056% 45
Ivan ProvorovD0222023127:045:0723:4810% 0
Jesperi KotkaniemiC/LW0002202113:550:0000:00053% 17
Josh MahuraD0111200212:320:0000:0000% 0
Kent JohnsonC/LW011102108:330:0000:0000% 0
Lawson CrouseLW/RW0112022019:224:0910:4900% 1
Marco ScandellaD0221011020:233:5413:3700% 0
Mark FriedmanD0001013123:105:0723:4800% 0
Martin FehervaryD0001251112:320:0000:0000% 0
Oskar SundqvistC0111002012:134:0920:56062% 13
Peter CehlarikLW/RW000100005:450:0000:0000% 0
Rasmus AsplundC/RW1011003010:220:0001:4900% 0
BOSTON Bruins
Player Name POS G A P +/- PIM HIT SHT SB MP PP MP PP SHT PK MP PK SHT FO% FOT
Adam BoqvistD000-1241222:343:4003:5600% 0
Andre BurakovskyC/LW/RW011-1214017:043:1705:00050% 2
Chris KreiderLW/RW000-2063017:173:1710:000100% 1
Cody GlassC000-102008:480:0000:00067% 9
Dmitri OrlovD000-2010122:113:4500:1400% 0
Elias PetterssonC0000201019:282:1100:00035% 26
Henri JokiharjuD000-1000215:180:0004:5500% 0
Jamie DrysdaleD101-1411221:303:4012:5300% 0
Joe PavelskiC/LW/RW011-102107:364:0800:0000% 0
Jonathan MarchessaultRW0110033023:284:0802:02040% 5
Kaapo KakkoRW000-2002014:000:0000:00033% 3
Max LajoieD000-1001015:180:0004:5500% 0
Mikael GranlundC/LW1010055021:264:0820:00044% 9
Rasmus AnderssonD000-2031223:063:4511:0900% 0
Ryan Carpenter C/RW000-101119:550:0006:27053% 19
Thomas NovakC000-2202015:580:0001:59042% 19
Walker DuehrRW000-100003:280:0000:0000% 0
Zachary SenyshynRW000-1001012:281:0602:34067% 3



Play-by-Play

1st period


0:01 of 1st period - Evander Kane wins face-off versus Elias Pettersson in neutral zone.
0:53 of 1st period - Icing by Rasmus Andersson.
0:54 of 1st period - Adam Henrique wins face-off versus Jonathan Marchessault in BOSTON Bruins zone.
1:03 of 1st period - Shot by Oskar Sundqvist.
1:03 of 1st period - Shot Misses the Net.
1:06 of 1st period - Icing by Dmitri Orlov.
1:07 of 1st period - Jesperi Kotkaniemi wins face-off versus Elias Pettersson in BOSTON Bruins zone.
1:27 of 1st period - Rasmus Andersson is hit by Martin Fehervary and loses puck.
1:28 of 1st period - Minor Penalty to Martin Fehervary for Slashing.
1:29 of 1st period - Evgeny Kuznetsov wins face-off versus Zachary Senyshyn in TAMPA BAY Lightning zone.
1:49 of 1st period - Icing by Adam Boqvist.
1:50 of 1st period - Zachary Senyshyn wins face-off versus Evander Kane in BOSTON Bruins zone.
2:34 of 1st period - Off-side.
2:35 of 1st period - Mikael Granlund wins face-off versus Evgeny Kuznetsov in neutral zone.
2:51 of 1st period - Icing by Mikael Granlund.
2:52 of 1st period - Evgeny Kuznetsov wins face-off versus Mikael Granlund in BOSTON Bruins zone.
3:18 of 1st period - Shot by Jonathan Marchessault.
3:18 of 1st period - Shot Blocked by Artem Zub.
3:20 of 1st period - Shot by Jonathan Marchessault.
3:20 of 1st period - Shot Misses the Net.
3:38 of 1st period - Icing by Thomas Novak.
3:39 of 1st period - Adam Henrique wins face-off versus Thomas Novak in BOSTON Bruins zone.
3:47 of 1st period - Icing by Max Lajoie.
3:48 of 1st period - Evgeny Kuznetsov wins face-off versus Thomas Novak in BOSTON Bruins zone.
4:01 of 1st period - Shot by Anders Lee.
4:01 of 1st period - Stopped by Frederik Andersen without a rebound.
4:02 of 1st period - Cody Glass wins face-off versus Oskar Sundqvist in BOSTON Bruins zone.
4:02 of 1st period - Cody Glass is hit by Lawson Crouse.
4:13 of 1st period - Ivan Provorov is hit by Cody Glass and loses puck.
4:14 of 1st period - Minor Penalty to Andre Burakovsky for Roughing.
4:15 of 1st period - Ryan Carpenter wins face-off versus Evgeny Kuznetsov in BOSTON Bruins zone.
4:20 of 1st period - Ivan Provorov is hit by Ryan Carpenter and loses puck.
4:40 of 1st period - Shot by Evgeny Kuznetsov.
4:40 of 1st period - Stopped by Frederik Andersen without a rebound.
4:41 of 1st period - Oskar Sundqvist wins face-off versus Ryan Carpenter in BOSTON Bruins zone.
5:06 of 1st period - Shot by Marco Scandella.
5:06 of 1st period - Shot Blocked by Ryan Carpenter .
5:08 of 1st period - Shot by Artem Zub.
5:08 of 1st period - Stopped by Frederik Andersen with a rebound.
5:10 of 1st period - Shot by Oskar Sundqvist.
5:10 of 1st period - Stopped by Frederik Andersen without a rebound.
5:11 of 1st period - Evgeny Kuznetsov wins face-off versus Thomas Novak in BOSTON Bruins zone.
5:18 of 1st period - Shot by Evander Kane.
5:18 of 1st period - Stopped by Frederik Andersen without a rebound.
5:19 of 1st period - Thomas Novak wins face-off versus Evgeny Kuznetsov in BOSTON Bruins zone.
7:33 of 1st period - Adam Henrique is hit by Adam Boqvist.
7:35 of 1st period - Shot by Oskar Sundqvist.
7:35 of 1st period - Shot Blocked by Adam Boqvist.
7:38 of 1st period - Minor Penalty to Adam Boqvist for Hooking.
7:39 of 1st period - Evgeny Kuznetsov wins face-off versus Andre Burakovsky in BOSTON Bruins zone.
7:40 of 1st period - Shot by Artem Zub.
7:40 of 1st period - Stopped by Frederik Andersen without a rebound.
7:41 of 1st period - Evgeny Kuznetsov wins face-off versus Ryan Carpenter in BOSTON Bruins zone.
8:04 of 1st period - Shot by Anders Lee.
8:04 of 1st period - Shot Blocked by Rasmus Andersson.
8:06 of 1st period - Shot by Evgeny Kuznetsov.
8:06 of 1st period - Goal by Evgeny Kuznetsov - TAMPA BAY Lightning : 1 - BOSTON Bruins : 0.
8:07 of 1st period - Oskar Sundqvist wins face-off versus Elias Pettersson in neutral zone.
8:10 of 1st period - Dmitri Orlov is hit by Adam Henrique and loses puck.
8:43 of 1st period - Icing by Mark Friedman.
8:44 of 1st period - Thomas Novak wins face-off versus Adam Henrique in TAMPA BAY Lightning zone.
8:44 of 1st period - Thomas Novak is hit by Ivan Provorov.
8:48 of 1st period - Shot by Kaapo Kakko.
8:48 of 1st period - Stopped by Martin Jones without a rebound.
8:49 of 1st period - Evgeny Kuznetsov wins face-off versus Thomas Novak in TAMPA BAY Lightning zone.
8:49 of 1st period - Evgeny Kuznetsov is hit by Chris Kreider.
9:11 of 1st period - Shot by Anders Lee.
9:11 of 1st period - Shot Blocked by Jamie Drysdale.
9:27 of 1st period - Shot by Adam Boqvist.
9:27 of 1st period - Stopped by Martin Jones without a rebound.
9:28 of 1st period - Elias Pettersson wins face-off versus Adam Henrique in TAMPA BAY Lightning zone.
9:35 of 1st period - Lawson Crouse is hit by Mikael Granlund and loses puck.
9:39 of 1st period - Icing by Mark Friedman.
9:40 of 1st period - Cody Glass wins face-off versus Oskar Sundqvist in TAMPA BAY Lightning zone.
9:40 of 1st period - Cody Glass is hit by Marco Scandella.
10:08 of 1st period - Off-side.
10:09 of 1st period - Evgeny Kuznetsov wins face-off versus Elias Pettersson in neutral zone.
10:38 of 1st period - Shot by Mikael Granlund.
10:38 of 1st period - Deflect By Jonathan Marchessault.
10:38 of 1st period - Stopped by Martin Jones without a rebound.
10:39 of 1st period - Thomas Novak wins face-off versus Cole Sillinger in TAMPA BAY Lightning zone.
10:44 of 1st period - Shot by Thomas Novak.
10:44 of 1st period - Stopped by Martin Jones without a rebound.
10:45 of 1st period - Ryan Carpenter wins face-off versus Lawson Crouse in TAMPA BAY Lightning zone.
11:04 of 1st period - Shot by Adam Henrique.
11:04 of 1st period - Goal by Adam Henrique - TAMPA BAY Lightning : 2 - BOSTON Bruins : 0.
11:05 of 1st period - Evgeny Kuznetsov wins face-off versus Elias Pettersson in neutral zone.
11:09 of 1st period - Minor Penalty to Jamie Drysdale for Slashing.
11:10 of 1st period - Evgeny Kuznetsov wins face-off versus Ryan Carpenter in BOSTON Bruins zone.
11:15 of 1st period - Shot by Ivan Provorov.
11:15 of 1st period - Shot Misses the Net.
11:24 of 1st period - Icing by Evgeny Kuznetsov.
11:25 of 1st period - Andre Burakovsky wins face-off versus Evgeny Kuznetsov in TAMPA BAY Lightning zone.
11:59 of 1st period - Shot by Thomas Novak.
11:59 of 1st period - Shot Misses the Net.
12:01 of 1st period - Shot by Zachary Senyshyn.
12:01 of 1st period - Shot Misses the Net.
12:03 of 1st period - Shot by Zachary Senyshyn.
12:03 of 1st period - Shot Blocked by Evander Kane.
12:05 of 1st period - Shot by Thomas Novak.
12:05 of 1st period - Shot Misses the Net.
12:50 of 1st period - Shot by Artem Zub.
12:50 of 1st period - Shot Misses the Net.
13:59 of 1st period - Icing by Rasmus Andersson.
14:00 of 1st period - Cole Sillinger wins face-off versus Elias Pettersson in BOSTON Bruins zone.
14:20 of 1st period - Shot by Cole Sillinger.
14:20 of 1st period - Stopped by Frederik Andersen without a rebound.
14:21 of 1st period - Kaapo Kakko wins face-off versus Evgeny Kuznetsov in BOSTON Bruins zone.
14:21 of 1st period - Kaapo Kakko is hit by Evander Kane.
14:24 of 1st period - Adam Boqvist is hit by Evander Kane and loses puck.
14:46 of 1st period - Chris Kreider is hit by Evander Kane and loses puck.
15:04 of 1st period - Icing by Chris Kreider.
15:05 of 1st period - Thomas Novak wins face-off versus Adam Henrique in BOSTON Bruins zone.
15:14 of 1st period - Shot by Kaapo Kakko.
15:14 of 1st period - Shot Misses the Net.
16:17 of 1st period - Shot by Jonathan Marchessault.
16:17 of 1st period - Shot Blocked by Josh Mahura.
16:25 of 1st period - Shot by Jonathan Marchessault.
16:25 of 1st period - Shot Blocked by Martin Fehervary.
16:27 of 1st period - Shot by Elias Pettersson.
16:27 of 1st period - Shot Misses the Net.
16:29 of 1st period - Shot by Elias Pettersson.
16:29 of 1st period - Deflect By Mikael Granlund.
16:29 of 1st period - Stopped by Martin Jones without a rebound.
16:30 of 1st period - Ryan Carpenter wins face-off versus Evgeny Kuznetsov in TAMPA BAY Lightning zone.
17:45 of 1st period - Shot by Adam Henrique.
17:45 of 1st period - Deflect By Lawson Crouse.
17:45 of 1st period - Shot Misses the Net.
17:51 of 1st period - Shot by Oskar Sundqvist.
17:51 of 1st period - Shot Blocked by Rasmus Andersson.
18:06 of 1st period - Off-side.
18:07 of 1st period - Jesperi Kotkaniemi wins face-off versus Thomas Novak in neutral zone.
18:18 of 1st period - Shot by Jesperi Kotkaniemi.
18:18 of 1st period - Shot Blocked by Henri Jokiharju.
18:27 of 1st period - Kaapo Kakko is hit by Martin Fehervary and loses puck.
18:32 of 1st period - Shot by Thomas Novak.
18:32 of 1st period - Shot Misses the Net.
18:40 of 1st period - Shot by Chris Kreider.
18:40 of 1st period - Stopped by Martin Jones without a rebound.
18:41 of 1st period - Evgeny Kuznetsov wins face-off versus Cody Glass in TAMPA BAY Lightning zone.
18:56 of 1st period - Evgeny Kuznetsov is hit by Andre Burakovsky and loses puck.
19:47 of 1st period - Shot by Elias Pettersson.
19:47 of 1st period - Shot Misses the Net.
19:49 of 1st period - Shot by Mikael Granlund.
19:49 of 1st period - Stopped by Martin Jones with a rebound.
Goals for this period are 2 for TAMPA BAY Lightning vs 0 for BOSTON Bruins.
Shots for this period are 9 for TAMPA BAY Lightning vs 7 for BOSTON Bruins.

2nd period


0:01 of 2nd period - Mikael Granlund wins face-off versus Evgeny Kuznetsov in neutral zone.
0:08 of 2nd period - Minor Penalty to Elias Pettersson for Holding.
0:09 of 2nd period - Ryan Carpenter wins face-off versus Evgeny Kuznetsov in BOSTON Bruins zone.
0:32 of 2nd period - Shot by Evander Kane.
0:32 of 2nd period - Stopped by Frederik Andersen without a rebound.
0:33 of 2nd period - Oskar Sundqvist wins face-off versus Ryan Carpenter in BOSTON Bruins zone.
1:12 of 2nd period - Shot by Adam Henrique.
1:12 of 2nd period - Shot Misses the Net.
1:14 of 2nd period - Shot by Marco Scandella.
1:14 of 2nd period - Stopped by Frederik Andersen without a rebound.
1:15 of 2nd period - Thomas Novak wins face-off versus Evgeny Kuznetsov in BOSTON Bruins zone.
1:34 of 2nd period - Shot by Anders Lee.
1:34 of 2nd period - Shot Blocked by Jamie Drysdale.
1:42 of 2nd period - Shot by Anders Lee.
1:42 of 2nd period - Stopped by Frederik Andersen without a rebound.
1:43 of 2nd period - Oskar Sundqvist wins face-off versus Ryan Carpenter in BOSTON Bruins zone.
2:20 of 2nd period - Jesperi Kotkaniemi is hit by Mikael Granlund and loses puck.
2:26 of 2nd period - Elias Pettersson is hit by Martin Fehervary and loses puck.
2:29 of 2nd period - Shot by Elias Pettersson.
2:29 of 2nd period - Shot Blocked by Josh Mahura.
2:35 of 2nd period - Shot by Elias Pettersson.
2:35 of 2nd period - Shot Misses the Net.
2:37 of 2nd period - Shot by Mikael Granlund.
2:37 of 2nd period - Shot Hit the Post.
2:41 of 2nd period - Shot by Jonathan Marchessault.
2:41 of 2nd period - Stopped by Martin Jones without a rebound.
2:42 of 2nd period - Chris Kreider wins face-off versus Evgeny Kuznetsov in TAMPA BAY Lightning zone.
3:00 of 2nd period - Thomas Novak is hit by Mark Friedman and loses puck.
3:12 of 2nd period - Minor Penalty to Jamie Drysdale for Holding.
3:13 of 2nd period - Oskar Sundqvist wins face-off versus Ryan Carpenter in BOSTON Bruins zone.
3:18 of 2nd period - Shot by Adam Henrique.
3:18 of 2nd period - Stopped by Frederik Andersen without a rebound.
3:19 of 2nd period - Ryan Carpenter wins face-off versus Oskar Sundqvist in BOSTON Bruins zone.
3:36 of 2nd period - Shot by Adam Henrique.
3:36 of 2nd period - Stopped by Frederik Andersen without a rebound.
3:37 of 2nd period - Ryan Carpenter wins face-off versus Evgeny Kuznetsov in BOSTON Bruins zone.
3:37 of 2nd period - Ryan Carpenter is hit by Evander Kane.
3:49 of 2nd period - Shot by Evgeny Kuznetsov.
3:49 of 2nd period - Goal by Evgeny Kuznetsov - TAMPA BAY Lightning : 3 - BOSTON Bruins : 0.
3:50 of 2nd period - Elias Pettersson wins face-off versus Oskar Sundqvist in neutral zone.
3:55 of 2nd period - Shot by Jonathan Marchessault.
3:55 of 2nd period - Deflect By Mikael Granlund.
3:55 of 2nd period - Shot Misses the Net.
4:10 of 2nd period - Ivan Provorov is hit by Jonathan Marchessault and loses puck.
4:15 of 2nd period - Shot by Lawson Crouse.
4:15 of 2nd period - Stopped by Frederik Andersen without a rebound.
4:16 of 2nd period - Evgeny Kuznetsov wins face-off versus Thomas Novak in BOSTON Bruins zone.
4:43 of 2nd period - Shot by Anders Lee.
4:43 of 2nd period - Stopped by Frederik Andersen without a rebound.
4:44 of 2nd period - Oskar Sundqvist wins face-off versus Elias Pettersson in BOSTON Bruins zone.
5:40 of 2nd period - Icing by Thomas Novak.
5:41 of 2nd period - Thomas Novak wins face-off versus Evgeny Kuznetsov in BOSTON Bruins zone.
6:05 of 2nd period - Icing by Rasmus Andersson.
6:06 of 2nd period - Jesperi Kotkaniemi wins face-off versus Thomas Novak in BOSTON Bruins zone.
6:07 of 2nd period - Shot by Rasmus Asplund.
6:07 of 2nd period - Stopped by Frederik Andersen without a rebound.
6:08 of 2nd period - Zachary Senyshyn wins face-off versus Jesperi Kotkaniemi in BOSTON Bruins zone.
6:51 of 2nd period - Shot by Kent Johnson.
6:51 of 2nd period - Shot Misses the Net.
7:45 of 2nd period - Shot by Elias Pettersson.
7:45 of 2nd period - Shot Misses the Net.
7:56 of 2nd period - Icing by Rasmus Andersson.
7:57 of 2nd period - Elias Pettersson wins face-off versus Oskar Sundqvist in BOSTON Bruins zone.
8:05 of 2nd period - Minor Penalty to Thomas Novak for Hooking.
8:06 of 2nd period - Adam Henrique wins face-off versus Ryan Carpenter in BOSTON Bruins zone.
8:09 of 2nd period - Shot by Ivan Provorov.
8:09 of 2nd period - Stopped by Frederik Andersen without a rebound.
8:10 of 2nd period - Ryan Carpenter wins face-off versus Adam Henrique in BOSTON Bruins zone.
8:18 of 2nd period - Icing by Ivan Provorov.
8:19 of 2nd period - Oskar Sundqvist wins face-off versus Ryan Carpenter in TAMPA BAY Lightning zone.
8:32 of 2nd period - Shot by Lawson Crouse.
8:32 of 2nd period - Stopped by Frederik Andersen with a rebound.
8:58 of 2nd period - Shot by Mark Friedman.
8:58 of 2nd period - Stopped by Frederik Andersen with a rebound.
9:39 of 2nd period - Shot by Artem Zub.
9:39 of 2nd period - Stopped by Frederik Andersen without a rebound.
9:40 of 2nd period - Oskar Sundqvist wins face-off versus Ryan Carpenter in BOSTON Bruins zone.
9:55 of 2nd period - Shot by Ivan Provorov.
9:55 of 2nd period - Shot Misses the Net.
9:57 of 2nd period - Shot by Oskar Sundqvist.
9:57 of 2nd period - Stopped by Frederik Andersen with a rebound.
9:59 of 2nd period - Shot by Mark Friedman.
9:59 of 2nd period - Stopped by Frederik Andersen with a rebound.
10:01 of 2nd period - Shot by Adam Henrique.
10:01 of 2nd period - Shot Blocked by Adam Boqvist.
10:03 of 2nd period - Shot by Ivan Provorov.
10:03 of 2nd period - Stopped by Frederik Andersen without a rebound.
10:04 of 2nd period - Evgeny Kuznetsov wins face-off versus Jonathan Marchessault in BOSTON Bruins zone.
10:12 of 2nd period - Shot by Rasmus Asplund.
10:12 of 2nd period - Goal by Rasmus Asplund - TAMPA BAY Lightning : 4 - BOSTON Bruins : 0.
10:13 of 2nd period - Evgeny Kuznetsov wins face-off versus Thomas Novak in neutral zone.
10:42 of 2nd period - Icing by Josh Mahura.
10:43 of 2nd period - Elias Pettersson wins face-off versus Evander Kane in TAMPA BAY Lightning zone.
11:23 of 2nd period - Icing by Jamie Drysdale.
11:24 of 2nd period - Elias Pettersson wins face-off versus Jesperi Kotkaniemi in BOSTON Bruins zone.
11:57 of 2nd period - Shot by Rasmus Asplund.
11:57 of 2nd period - Shot Misses the Net.
11:59 of 2nd period - Shot by Kent Johnson.
11:59 of 2nd period - Shot Misses the Net.
12:01 of 2nd period - Shot by Kent Johnson.
12:01 of 2nd period - Shot Misses the Net.
12:03 of 2nd period - Shot by Kent Johnson.
12:03 of 2nd period - Deflect By Rasmus Asplund.
12:03 of 2nd period - Shot Misses the Net.
12:13 of 2nd period - Marco Scandella is hit by Chris Kreider and loses puck.
13:04 of 2nd period - Oskar Sundqvist is hit by Cody Glass and loses puck.
13:05 of 2nd period - Oskar Sundqvist from TAMPA BAY Lightning is injured at 13:05 of 2nd period (Strained Right Elbow).
13:06 of 2nd period - Ryan Carpenter wins face-off versus Evgeny Kuznetsov in TAMPA BAY Lightning zone.
13:09 of 2nd period - Shot by Joe Pavelski.
13:09 of 2nd period - Shot Misses the Net.
13:11 of 2nd period - Shot by Ryan Carpenter .
13:11 of 2nd period - Stopped by Martin Jones without a rebound.
13:12 of 2nd period - Elias Pettersson wins face-off versus Evgeny Kuznetsov in TAMPA BAY Lightning zone.
14:26 of 2nd period - Shot by Jesperi Kotkaniemi.
14:26 of 2nd period - Deflect By Adam Henrique.
14:26 of 2nd period - Stopped by Frederik Andersen without a rebound.
14:27 of 2nd period - Cole Sillinger wins face-off versus Thomas Novak in BOSTON Bruins zone.
14:38 of 2nd period - Shot by Denis Malgin.
14:38 of 2nd period - Stopped by Frederik Andersen without a rebound.
14:39 of 2nd period - Ryan Carpenter wins face-off versus Jesperi Kotkaniemi in BOSTON Bruins zone.
14:49 of 2nd period - Joe Pavelski is hit by Artem Zub and loses puck.
15:13 of 2nd period - Ryan Carpenter is hit by Artem Zub and loses puck.
15:44 of 2nd period - Shot by Mikael Granlund.
15:44 of 2nd period - Shot Misses the Net.
15:59 of 2nd period - Off-side.
16:00 of 2nd period - Evgeny Kuznetsov wins face-off versus Kaapo Kakko in neutral zone.
17:09 of 2nd period - Minor Penalty to Josh Mahura for Roughing.
17:10 of 2nd period - Evgeny Kuznetsov wins face-off versus Mikael Granlund in TAMPA BAY Lightning zone.
17:10 of 2nd period - Ivan Provorov is hit by Joe Pavelski and loses puck.
17:19 of 2nd period - Shot by Rasmus Andersson.
17:19 of 2nd period - Shot Blocked by Ivan Provorov.
17:21 of 2nd period - Shot by Jonathan Marchessault.
17:21 of 2nd period - Shot Blocked by Mark Friedman.
17:23 of 2nd period - Shot by Mikael Granlund.
17:23 of 2nd period - Stopped by Martin Jones without a rebound.
17:24 of 2nd period - Evgeny Kuznetsov wins face-off versus Mikael Granlund in TAMPA BAY Lightning zone.
17:24 of 2nd period - Evgeny Kuznetsov is hit by Jonathan Marchessault.
17:58 of 2nd period - Shot by Rasmus Andersson.
17:58 of 2nd period - Stopped by Martin Jones without a rebound.
17:59 of 2nd period - Evander Kane wins face-off versus Elias Pettersson in TAMPA BAY Lightning zone.
18:05 of 2nd period - Icing by Andre Burakovsky.
18:06 of 2nd period - Evgeny Kuznetsov wins face-off versus Elias Pettersson in BOSTON Bruins zone.
18:06 of 2nd period - Marco Scandella is hit by Adam Boqvist.
18:12 of 2nd period - Shot by Jamie Drysdale.
18:12 of 2nd period - Goal by Jamie Drysdale - TAMPA BAY Lightning : 4 - BOSTON Bruins : 1.
18:13 of 2nd period - Cody Glass wins face-off versus Jesperi Kotkaniemi in neutral zone.
18:18 of 2nd period - Shot by Andre Burakovsky.
18:18 of 2nd period - Stopped by Martin Jones without a rebound.
18:19 of 2nd period - Jesperi Kotkaniemi wins face-off versus Elias Pettersson in TAMPA BAY Lightning zone.
18:23 of 2nd period - Ivan Provorov is hit by Rasmus Andersson and loses puck.
19:11 of 2nd period - Icing by Adam Henrique.
19:12 of 2nd period - Jesperi Kotkaniemi wins face-off versus Thomas Novak in TAMPA BAY Lightning zone.
19:12 of 2nd period - Ivan Provorov is hit by Chris Kreider and loses puck.
19:31 of 2nd period - Shot by Kaapo Kakko.
19:31 of 2nd period - Deflect By Chris Kreider.
19:31 of 2nd period - Shot Misses the Net.
Goals for this period are 2 for TAMPA BAY Lightning vs 1 for BOSTON Bruins.
Shots for this period are 19 for TAMPA BAY Lightning vs 6 for BOSTON Bruins.

3rd period


0:01 of 3rd period - Elias Pettersson wins face-off versus Evgeny Kuznetsov in neutral zone.
0:08 of 3rd period - Shot by Elias Pettersson.
0:08 of 3rd period - Stopped by Martin Jones without a rebound.
0:09 of 3rd period - Evgeny Kuznetsov wins face-off versus Elias Pettersson in TAMPA BAY Lightning zone.
0:31 of 3rd period - Minor Penalty to Evander Kane for Goalie Interference.
0:32 of 3rd period - Elias Pettersson wins face-off versus Evgeny Kuznetsov in TAMPA BAY Lightning zone.
0:32 of 3rd period - Elias Pettersson is hit by Ivan Provorov.
0:56 of 3rd period - Shot by Jamie Drysdale.
0:56 of 3rd period - Shot Misses the Net.
1:11 of 3rd period - Shot by Adam Boqvist.
1:11 of 3rd period - Shot Misses the Net.
1:13 of 3rd period - Shot by Chris Kreider.
1:13 of 3rd period - Stopped by Martin Jones with a rebound.
2:35 of 3rd period - Shot by Joe Pavelski.
2:35 of 3rd period - Stopped by Martin Jones with a rebound.
4:12 of 3rd period - Shot by Andre Burakovsky.
4:12 of 3rd period - Stopped by Martin Jones without a rebound.
4:13 of 3rd period - Evgeny Kuznetsov wins face-off versus Mikael Granlund in TAMPA BAY Lightning zone.
4:15 of 3rd period - Evander Kane is hit by Mikael Granlund and loses puck.
4:46 of 3rd period - Shot by Evgeny Kuznetsov.
4:46 of 3rd period - Shot Blocked by Henri Jokiharju.
5:11 of 3rd period - Shot by Rasmus Asplund.
5:11 of 3rd period - Stopped by Frederik Andersen without a rebound.
5:12 of 3rd period - Jesperi Kotkaniemi wins face-off versus Kaapo Kakko in BOSTON Bruins zone.
5:21 of 3rd period - Ivan Provorov is hit by Chris Kreider and loses puck.
5:25 of 3rd period - Lawson Crouse is hit by Chris Kreider and loses puck.
5:34 of 3rd period - Shot by Adam Henrique.
5:34 of 3rd period - Goal by Adam Henrique - TAMPA BAY Lightning : 5 - BOSTON Bruins : 1.
5:35 of 3rd period - Cole Sillinger wins face-off versus Cody Glass in neutral zone.
5:41 of 3rd period - Peter Cehlarik is hit by Jamie Drysdale and loses puck.
5:50 of 3rd period - Shot by Cole Sillinger.
5:50 of 3rd period - Shot Misses the Net.
6:44 of 3rd period - Shot by Anders Lee.
6:44 of 3rd period - Shot Misses the Net.
6:46 of 3rd period - Shot by Anders Lee.
6:46 of 3rd period - Shot Misses the Net.
6:48 of 3rd period - Shot by Evander Kane.
6:48 of 3rd period - Stopped by Frederik Andersen without a rebound.
6:49 of 3rd period - Jonathan Marchessault wins face-off versus Jesperi Kotkaniemi in BOSTON Bruins zone.
6:57 of 3rd period - Icing by Max Lajoie.
6:58 of 3rd period - Jesperi Kotkaniemi wins face-off versus Elias Pettersson in BOSTON Bruins zone.
8:09 of 3rd period - Shot by Thomas Novak.
8:09 of 3rd period - Shot Misses the Net.
8:11 of 3rd period - Shot by Kaapo Kakko.
8:11 of 3rd period - Shot Misses the Net.
8:19 of 3rd period - Shot by Chris Kreider.
8:19 of 3rd period - Stopped by Martin Jones without a rebound.
8:20 of 3rd period - Evgeny Kuznetsov wins face-off versus Cody Glass in TAMPA BAY Lightning zone.
9:27 of 3rd period - Shot by Denis Malgin.
9:27 of 3rd period - Goal by Denis Malgin - TAMPA BAY Lightning : 6 - BOSTON Bruins : 1.
9:28 of 3rd period - Mikael Granlund wins face-off versus Jesperi Kotkaniemi in neutral zone.
9:46 of 3rd period - Shot by Jesperi Kotkaniemi.
9:46 of 3rd period - Deflect By Kent Johnson.
9:46 of 3rd period - Stopped by Frederik Andersen without a rebound.
9:47 of 3rd period - Thomas Novak wins face-off versus Cole Sillinger in BOSTON Bruins zone.
9:56 of 3rd period - Shot by Chris Kreider.
9:56 of 3rd period - Shot Misses the Net.
10:02 of 3rd period - Shot by Kaapo Kakko.
10:02 of 3rd period - Stopped by Martin Jones with a rebound.
10:04 of 3rd period - Shot by Henri Jokiharju.
10:04 of 3rd period - Shot Misses the Net.
10:06 of 3rd period - Shot by Thomas Novak.
10:06 of 3rd period - Shot Misses the Net.
10:24 of 3rd period - Shot by Thomas Novak.
10:24 of 3rd period - Stopped by Martin Jones with a rebound.
10:26 of 3rd period - Shot by Max Lajoie.
10:26 of 3rd period - Stopped by Martin Jones without a rebound.
10:27 of 3rd period - Evgeny Kuznetsov wins face-off versus Elias Pettersson in TAMPA BAY Lightning zone.
10:42 of 3rd period - Shot by Jonathan Marchessault.
10:42 of 3rd period - Stopped by Martin Jones without a rebound.
10:43 of 3rd period - Cody Glass wins face-off versus Jesperi Kotkaniemi in TAMPA BAY Lightning zone.
10:43 of 3rd period - Cody Glass is hit by Martin Fehervary.
10:57 of 3rd period - Shot by Andre Burakovsky.
10:57 of 3rd period - Stopped by Martin Jones without a rebound.
10:58 of 3rd period - Elias Pettersson wins face-off versus Evgeny Kuznetsov in TAMPA BAY Lightning zone.
11:00 of 3rd period - Mikael Granlund is hit by Artem Zub and loses puck.
11:04 of 3rd period - Icing by Evgeny Kuznetsov.
11:05 of 3rd period - Jonathan Marchessault wins face-off versus Evgeny Kuznetsov in TAMPA BAY Lightning zone.
11:11 of 3rd period - Icing by Artem Zub.
11:12 of 3rd period - Evgeny Kuznetsov wins face-off versus Elias Pettersson in TAMPA BAY Lightning zone.
11:12 of 3rd period - Evgeny Kuznetsov is hit by Mikael Granlund.
11:15 of 3rd period - Icing by Ivan Provorov.
11:16 of 3rd period - Evander Kane wins face-off versus Elias Pettersson in TAMPA BAY Lightning zone.
11:27 of 3rd period - Anders Lee is hit by Jonathan Marchessault and loses puck.
11:39 of 3rd period - Off-side.
11:40 of 3rd period - Jesperi Kotkaniemi wins face-off versus Thomas Novak in neutral zone.
11:47 of 3rd period - Shot by Adam Henrique.
11:47 of 3rd period - Shot Misses the Net.
12:07 of 3rd period - Shot by Kaapo Kakko.
12:07 of 3rd period - Shot Blocked by Jesperi Kotkaniemi.
12:37 of 3rd period - Evander Kane is hit by Adam Boqvist and loses puck.
12:43 of 3rd period - Evander Kane is hit by Adam Boqvist.
12:54 of 3rd period - Minor Penalty to Evander Kane for High sticking.
12:55 of 3rd period - Evgeny Kuznetsov wins face-off versus Mikael Granlund in TAMPA BAY Lightning zone.
12:55 of 3rd period - Evgeny Kuznetsov is hit by Joe Pavelski.
13:19 of 3rd period - Shot by Mikael Granlund.
13:19 of 3rd period - Goal by Mikael Granlund - TAMPA BAY Lightning : 6 - BOSTON Bruins : 2.
13:20 of 3rd period - Cody Glass wins face-off versus Cole Sillinger in neutral zone.
13:29 of 3rd period - Shot by Zachary Senyshyn.
13:29 of 3rd period - Stopped by Martin Jones with a rebound.
13:39 of 3rd period - Shot by Peter Cehlarik.
13:39 of 3rd period - Shot Misses the Net.
13:41 of 3rd period - Shot by Martin Fehervary.
13:41 of 3rd period - Stopped by Frederik Andersen without a rebound.
13:42 of 3rd period - Jesperi Kotkaniemi wins face-off versus Elias Pettersson in BOSTON Bruins zone.
13:51 of 3rd period - Shot by Jesperi Kotkaniemi.
13:51 of 3rd period - Stopped by Frederik Andersen without a rebound.
13:52 of 3rd period - Anders Lee wins face-off versus Jonathan Marchessault in BOSTON Bruins zone.
13:52 of 3rd period - Anders Lee is hit by Rasmus Andersson.
14:09 of 3rd period - Ivan Provorov is hit by Dmitri Orlov.
14:17 of 3rd period - Shot by Evander Kane.
14:17 of 3rd period - Stopped by Frederik Andersen without a rebound.
14:18 of 3rd period - Thomas Novak wins face-off versus Jesperi Kotkaniemi in BOSTON Bruins zone.
14:18 of 3rd period - Thomas Novak is hit by Kent Johnson.
14:21 of 3rd period - Minor Penalty to Jesperi Kotkaniemi for Holding.
14:22 of 3rd period - Evgeny Kuznetsov wins face-off versus Elias Pettersson in TAMPA BAY Lightning zone.
14:22 of 3rd period - Evgeny Kuznetsov is hit by Chris Kreider.
15:38 of 3rd period - Shot by Ivan Provorov.
15:38 of 3rd period - Stopped by Frederik Andersen without a rebound.
15:39 of 3rd period - Mikael Granlund wins face-off versus Evgeny Kuznetsov in BOSTON Bruins zone.
16:23 of 3rd period - Henri Jokiharju is hit by Martin Fehervary and loses puck.
16:36 of 3rd period - Shot by Adam Henrique.
16:36 of 3rd period - Deflect By Jesperi Kotkaniemi.
16:36 of 3rd period - Stopped by Frederik Andersen without a rebound.
16:37 of 3rd period - Cody Glass wins face-off versus Cole Sillinger in BOSTON Bruins zone.
16:37 of 3rd period - Cody Glass is hit by Denis Malgin.
16:43 of 3rd period - Shot by Andre Burakovsky.
16:43 of 3rd period - Stopped by Martin Jones with a rebound.
17:11 of 3rd period - Shot by Mark Friedman.
17:11 of 3rd period - Stopped by Frederik Andersen with a rebound.
17:13 of 3rd period - Shot by Marco Scandella.
17:13 of 3rd period - Shot Misses the Net.
17:15 of 3rd period - Shot by Peter Cehlarik.
17:15 of 3rd period - Shot Blocked by Dmitri Orlov.
17:41 of 3rd period - Shot by Kaapo Kakko.
17:41 of 3rd period - Shot Misses the Net.
18:00 of 3rd period - Chris Kreider is hit by Artem Zub and loses puck.
18:09 of 3rd period - Max Lajoie is hit by Kent Johnson and loses puck.
18:28 of 3rd period - Mikael Granlund is hit by Evander Kane and loses puck.
18:39 of 3rd period - Anders Lee is hit by Mikael Granlund and loses puck.
18:46 of 3rd period - Shot by Mikael Granlund.
18:46 of 3rd period - Stopped by Martin Jones without a rebound.
18:47 of 3rd period - Ryan Carpenter wins face-off versus Evgeny Kuznetsov in TAMPA BAY Lightning zone.
18:57 of 3rd period - Evgeny Kuznetsov is hit by Rasmus Andersson and loses puck.
19:46 of 3rd period - Jamie Drysdale is hit by Lawson Crouse and loses puck.
Goals for this period are 2 for TAMPA BAY Lightning vs 1 for BOSTON Bruins.
Shots for this period are 11 for TAMPA BAY Lightning vs 14 for BOSTON Bruins.